 Dungeon Crawl Stone Soup version 0.28.0-53-g5a82cb258f (webtiles) character file.

Game seed: 6748726157508631366

244822 jjjjhere the Brawler (level 18, -1/172 (189) HPs)
             Began as a Troll Hunter on Oct 23, 2022.
             Was the Champion of Ru.
             Slain by a white ugly thing (16 damage)
             ... led by a wizard
             ... on level 2 of the Vaults on Oct 26, 2022.
             The game lasted 01:15:15 (39258 turns).

jjjjhere the Brawler (Troll Hunter)                Turns: 39258, Time: 01:15:16

HP:   -1/172 (189)  AC: 14    Str: 28    XL:     18   Next: 74%
MP:   11/17         EV: 11    Int: 16    God:    Ru [******]
Gold: 2132          SH: 18    Dex: 12    Spells: 17/17 levels left

rFire   . . .      SeeInvis +     - Unarmed
rCold   + . .      Faith    .   U - +0 tower shield
rNeg    + . .      Spirit   .   p - +0 swamp dragon scales
rPois   +          Reflect  .   Y - +1 hat
rElec   .          Harm     .   T - +1 cloak {rCorr}
rCorr   +          Rampage  .   (gloves unavailable)
Will    +....                   (boots unavailable)
Stlth   ..........              P - amulet of the Omega Point {Regen+ Str+4}
HPRegen 1.98/turn               C - ring of Uppoukh {Fly rF+ Str-3 Int+9 SInv}
MPRegen 0.15/turn               N - ring of Hoffozal {Ice rN+}

@: exhausted, flying, studying Invocations, drained
A: large, unfitting armour, claws 3, clumsy 1, regeneration 1, screaming 1,
shaggy fur 1, tough skin 1, no stealth, inability to use devices, hated by all,
no hexes magic, no ice magic, no translocations magic, disrupted magic 1
}: 2/15 runes: decaying, gossamer
a: Renounce Religion, Draw Out Power, Power Leap, Apocalypse


You were on level 2 of the Vaults.
You worshipped Ru.
Ru was exalted by your worship.
You visited 6 branches of the dungeon, and saw 33 of its levels.
You also visited: Ossuary, Bailey and Ice Cave.

You collected 2759 gold pieces.
You spent 627 gold pieces at shops.

Inventory:

Missiles
 c - 17 large rocks
 d - 3 throwing nets
 e - 32 poisoned darts
 f - a boomerang of dispersal
 s - 3 silver boomerangs
 E - 3 datura-tipped darts
 V - 4 atropa-tipped darts
 X - 8 curare-tipped darts
 Z - 2 boomerangs (quivered)
Armour
 p - +0 swamp dragon scales (worn)
 y - the +3 robe of Claustrophobia {Will+}
   (You found it on level 8 of the Dungeon)

   Will:      It increases your willpower.
 F - a scarf of shadows
 T - a +1 cloak of preservation (worn)
 U - a +0 tower shield (worn)
 Y - a +1 hat (worn)
Jewellery
 a - an amulet of the acrobat
 b - a ring of resist corrosion
 l - a ring of protection from fire
 w - a +6 ring of strength
 A - a +4 ring of evasion
 C - the ring of Uppoukh (left claw) {Fly rF+ Str-3 Int+9 SInv}
   (You bought it in a shop on level 2 of the Orcish Mines)

   [ring of flight]

   Str:       It affects your strength (-3).
   Int:       It affects your intelligence (+9).
   rF:        It protects you from fire.
   SInv:      It lets you see invisible.
   Fly:       It grants you flight.
 D - a +6 ring of dexterity
 H - a ring of see invisible
 K - a ring of willpower
 N - the ring of Hoffozal (right claw) {Ice rN+}
   (You found it in an ice cave)

   [ring of ice]

   It enhances your ice magic.
   rF:        It makes you vulnerable to fire.
   rC:        It protects you from cold.
   rN:        It protects you from negative energy.
 O - an amulet of magic regeneration
 P - the amulet of the Omega Point (around neck) {Regen+ Str+4}
   (You found it on level 6 of the Lair of Beasts)

   [amulet of regeneration]

   Str:       It affects your strength (+4).
   Regen:     It increases your rate of health regeneration.
 Q - an amulet of reflection
 W - a +4 ring of protection
Scrolls
 h - 9 scrolls of amnesia
 k - 6 scrolls of teleportation
 n - 3 scrolls of holy word
 q - 3 scrolls of magic mapping
 t - 5 scrolls of immolation
 B - 4 scrolls of fog
 L - 6 scrolls of enchant weapon
 S - 2 scrolls of enchant armour
Potions
 g - 4 potions of berserk rage
 i - 9 potions of curing
 j - 4 potions of brilliance
 m - 6 potions of magic
 o - 6 potions of heal wounds
 r - 3 potions of lignification
 u - 6 potions of might
 x - 4 potions of haste
 z - 4 potions of cancellation
 G - 3 potions of ambrosia
 I - 3 potions of mutation
 J - 6 potions of flight
 M - 4 potions of invisibility
 R - a potion of resistance


   Skills:
 - Level 14.2 Fighting
 - Level 16.0 Throwing
 + Level 7.4 Armour
 - Level 10.9 Dodging
 + Level 14.3 Shields
 + Level 18.1 Unarmed Combat


You had 17 spell levels left.
You didn't know any spells.
Your spell library contained the following spells:

 Spells                   Type           Power      Damage    Failure   Level
 Foxfire                  Conj/Fire      0%         2x1d4     77%         1
 Corpse Rot               Necr/Air       0%         N/A       88%         2
 Sublimation of Blood     Necr           0%         N/A       88%         2
 Wereblood                Tmut           0%         N/A       88%         2
 Conjure Flame            Conj/Fire      0%         6-21      98%         3
 Dispel Undead            Necr           0%         3d6       100%        4
 Flame Wave               Conj/Fire      0%         2d4       100%        4
 Petrify                  Tmut/Erth      0%         N/A       100%        4
 Alistair's Intoxication  Tmut/Pois      0%         N/A       100%        5
 Borgnjor's Vile Clutch   Necr/Erth      0%         N/A       100%        5
 Fireball                 Conj/Fire      0%         3d3       100%        5
 Irradiate                Conj/Tmut      0%         3d14      100%        5
 Iskenderun's Battlesphe  Conj           0%         2d6       100%        5
 Conjure Ball Lightning   Conj/Air       0%         3x3d6     100%        6
 Eringya's Noxious Bog    Tmut/Pois      0%         N/A       100%        6
 Statue Form              Tmut/Erth      0%         N/A       100%        6
 Orb of Destruction       Conj           0%         9d5       100%        7
 Borgnjor's Revivificati  Necr           0%         N/A       100%        8
 Necromutation            Tmut/Necr      0%         N/A       100%        8
 Death's Door             Necr           0%         N/A       100%        9
 Gell's Gravitas          Tloc           Unusable   N/A       N/A         3
 Inner Flame              Hex/Fire       Unusable   N/A       N/A         3
 Lesser Beckoning         Tloc           Unusable   N/A       N/A         3
 Teleport Other           Tloc           Unusable   N/A       N/A         3
 Metabolic Englaciation   Hex/Ice        Unusable   N/A       N/A         5
 Death Channel            Necr           Unusable   N/A       N/A         6
 Summon Hydra             Summ           Unusable   N/A       N/A         7

Dungeon Overview and Level Annotations

Branches:
Dungeon (15/15)            Temple (0/1) D:7            Lair (6/6) D:8
  Swamp (4/4) Lair:4       Spider (4/4) Lair:3        Slime (0/5) Lair:5
    Orc (2/2) D:11            Elf (0/3) Orc:2        Vaults (1/5) D:13
  Crypt (0/3) Vaults:2     Depths (0/4) D:15        Ossuary (visited)
 Bailey (visited)           IceCv (visited)

Altars:
Gozag
Makhleb
Ru
Wu Jian
Xom
Zin

Shops:
D:9 *   D:11 [   D:12 [   Orc:1 [   Orc:2 [([*=

Portals:
Trove: D:10 (give +2 gold dragon scales)

Annotations:
D:3 2 transporters
D:8 2 transporters, COBRA's ghost, novice HOFi


Innate Abilities, Weirdness & Mutations

You are too large for most types of armour.
You have claws for hands.
You are clumsy. (Dex -2)
Your natural rate of healing is unusually fast.
You occasionally shout uncontrollably at your foes.
You are covered in fur. (AC +1)
You have tough skin. (AC +1)
You cannot be stealthy.
You cannot study or use magical devices.
You are hated by all.
You cannot study or cast Hexes magic.
You cannot study or cast Ice magic.
You cannot study or cast Translocations magic.
Your casting is slightly disrupted.


Message History

* * * LOW HITPOINT WARNING * * *
You block the white ugly thing's attack.
As you read the scroll of fear, it crumbles to dust.
You assume a fearsome visage.
The wizard looks frightened!
The deep troll looks frightened!
The dire elephant easily resists.
The white ugly thing looks frightened!
The white ugly thing easily resists.
The wizard gives up.
The wizard mumbles some strange words.
The wizard blinks!
You eviscerate the wizard!!!
Your attack snaps the wizard out of its fear.
The wizard is almost dead.
The dire elephant tramples you but does no damage.
You block the dire elephant's attack.
The wizard casts a spell.
The wizard blinks!
You claw the dire elephant!
The dire elephant is almost dead.
You scratch the dire elephant but do no damage.
The dire elephant is almost dead.
The wizard gestures wildly while chanting.
The wizard blinks!
The dire elephant closely misses you. You block the dire elephant's attack.
You mangle the dire elephant!!
You kill the dire elephant!
The white ugly thing is no longer paralysed.
Things that are here:
a dire elephant corpse; a dire elephant corpse You scratch the white ugly thing.
The white ugly thing is severely wounded.
The white ugly thing bites you.
* * * LOW HITPOINT WARNING * * *
The white ugly thing freezes you! You resist.
* * * LOW HITPOINT WARNING * * *
You scratch the white ugly thing but do no damage.
The white ugly thing is severely wounded.
The white ugly thing bites you.
* * * LOW HITPOINT WARNING * * *
The white ugly thing freezes you! You resist.
You die...

**********+**#'##################
,,,,,,,,,,,,,.....†..[).).p......
,,,,,,,,,,,,,......[.†))Tup....Y.
,,,,,,,,,,,,,.##########)#u......
,,,******,,,,,#..,,#.....#.......
,***,,,,***,,,#.####.....#.....##
,*,,,,,,,,*,,,#.#†.).....#.....#,
**,,****,,**,,#.#u....##.#.....#,
+,,** **,,*,,#.@#....#..#.....#,
*,,* ****,,#.##.....#.#.....#,
*,,* ****,,#.[......#.#.....#,
*,,** **,,*,,#.....####.#,,,,<*,
**,,****,,**,,#...Tu#,,,,*,,,,,**
,*,,,,,,,,*,,,#######+****,,,,,,,
,***,,,,***,,,,#......*,,,,,,,,**
****+**** ***,,+......#,,,,,,,,*,
***,,* ******,#......#,,,,,,,,*,


You could see a white ugly thing.

Vanquished Creatures
  Saint Roka (Orc:1)
  Arachne (Spider:2)
  Nikola (Lair:3)
  2 tentacled monstrosities
  A sphinx (Vaults:2)
  A thorn hunter (Swamp:4)
  Agnes (Spider:3)
  2 fenstrider witches
  Kirke (Spider:3)
  Roxanne (Spider:1)
  Aizul (Spider:2)
  3 emperor scorpions
  A vault warden (Vaults:1)
  3 orc warlords
  4 ghost moths
  2 ironbound preservers
  A caustic shrike skeleton (D:15)
  A juggernaut skeleton (D:15)
  2 ironbound thunderhulks (Vaults:1)
  4 very ugly things
  A broodmother (Spider:3)
  3 eleionomae
  6 entropy weavers
  2 spark wasps
  3 bunyips
  3 dire elephants (Vaults:2)
  A quicksilver dragon zombie (D:15)
  2 shambling mangroves (Swamp:4)
  A great orb of eyes (Vaults:2)
  Fannar (D:12)
  3 boulder beetles
  A rakshasa (D:15)
  An ogre mage (D:12)
  29 hydras
  2 ghost crabs
  10 vault guards
  A caustic shrike simulacrum (IceCv)
  Erica (D:11)
  6 two-headed ogres
  2 ironbound frosthearts
  2 radroaches
  2 catoblepae
  9 centaur warriors
  11 alligators
  A deep troll shaman (Lair:6)
  4 orc high priests
  13 death yaks
  2 tengu warriors
  A pharaoh ant (Spider:2)
  2 skeletal warriors (D:15)
  2 sun moths
  A death drake (Swamp:3)
  7 goliath frogs
  3 steelbarb worms
  3 spriggan druids
  A sea snake (shapeshifter) (Vaults:1)
  9 deep trolls
  13 swamp dragons
  4 bog bodies
  A flayed ghost (D:15)
  Pikel (D:7)
  5 orb spiders
  5 ironbound convokers
  An orange crystal statue (IceCv)
  A wizard (Vaults:2)
  7 lindwurms
  2 necromancers
  5 harpies (Vaults:2)
  A tengu zombie (D:15)
  7 orc knights
  14 wolf spiders
  3 cyclopes
  6 orc sorcerers
  4 manticores
  7 ugly things
  3 oklob plants (Lair:5)
  9 slime creatures
  5 moths of wrath
  14 elephants
  4 vault sentinels
  Maurice (D:12)
  5 black mambas
  A gargoyle (D:11)
  20 cane toads
  A black mamba (shapeshifter) (D:11)
  A torpor snail (Spider:4)
  2 ice statues (Spider:3)
  An unseen horror (D:12)
  4 demonic crawlers
  An efreet (D:15)
  2 kobold demonologists
  3 freezing wraiths
  A tengu conjurer (D:14)
  A rime drake (Lair:6)
  2 golden dragon simulacra (IceCv)
  5 yaktaurs
  6 komodo dragons
  15 meliai
  6 trolls
  A bloated husk (Swamp:3)
  13 hornets
  3 polar bears (Lair:6)
  10 tyrant leeches
  A polar bear (shapeshifter) (D:12)
  Prince Ribbit (D:7)
  23 tarantellas
  Grinder (D:5)
  27 blink frogs
  18 jumping spiders
  A water elemental (D:14)
  10 spriggans
  2 wraiths
  14 culicivoras
  28 yaks
  A shadow (D:11)
  A dire elephant simulacrum (IceCv)
  A vampire (D:12)
  4 wyverns
  3 hogs (Spider:3)
  3 steam dragons
  5 basilisks
  36 redbacks
  12 vampire mosquitoes
  Menkaure (D:7)
  14 swamp worms
  A hydra simulacrum (IceCv)
  11 water moccasins
  Duvessa (D:6)
  A warg (Orc:1)
  An acid dragon (D:11)
  41 orc warriors
  A sky beast (D:6)
  10 swamp drakes
  An alligator simulacrum (IceCv)
  2 ettin simulacra (IceCv)
  5 black bears
  4 ogres
  27 wolves
  15 centaurs
  A boggart (Vaults:2)
  15 bullfrogs
  A kobold brigand (D:10)
  2 gnoll sergeants
  3 scorpions
  2 wyvern zombies
  A water moccasin zombie (D:5)
  Dowan (D:6)
  12 killer bees
  3 wights (D:9)
  A howler monkey (D:5)
  6 electric eels
  3 centaur zombies
  A crimson imp (D:6)
  2 hounds
  2 gnoll shamans
  2 centaur skeletons
  A human zombie (Ossuary)
  A jelly (D:4)
  20 orc priests
  A bullfrog skeleton (D:5)
  2 iguanas
  23 orc wizards
  Ijyb (D:4)
  A killer bee zombie (D:7)
  A hound zombie (D:5)
  2 mummies (Ossuary)
  A howler monkey zombie (D:6)
  19 gnolls
  4 adders (D:2)
  2 white imps
  An ufetubus (D:4)
  2 adder skeletons (D:4)
  2 worms
  A dart slug (D:4)
  84 orcs
  7 ball pythons
  6 endoplasms
  3 gnoll zombies (Ossuary)
  12 goblins
  13 hobgoblins
  7 jackals (D:1)
  2 quokkas
  9 bats
  4 frilled lizards (D:1)
  6 goblin zombies (Ossuary)
  3 hobgoblin zombies (Ossuary)
  14 kobolds
  4 rats
1058 creatures vanquished.

Vanquished Creatures (others)
  A deep elf high priest (Vaults:2)
  An ironbound frostheart (Vaults:1)
  An alligator (Swamp:3)
  A death yak (Lair:4)
  2 swamp dragons
  A cyclops (D:14)
  A demonic crawler (Lair:3)
  An efreet (D:15)
  3 bloated husks
  A meliai (Spider:3)
  A hornet (Swamp:3)
  2 tarantellas (Spider:2)
  2 jumping spiders
  2 culicivoras
  A wyvern (D:11)
  A redback (Spider:4)
  A swamp worm (Swamp:3)
  2 orc warriors
  A wolf (Lair:1)
  An orc priest (Orc:2)
  6 orcs
  38 fungi
  48 plants
  A withered plant (D:15)
120 creatures vanquished.

Grand Total: 1178 creatures vanquished

Notes
Turn   | Place    | Note
-------+----------+-------------------------------------------
     0 | D:1      | jjjjhere the Troll Hunter began the quest for the Orb.
     0 | D:1      | Reached XP level 1. HP: 19/19 MP: 0/0
   119 | D:1      | Reached skill level 1 in Unarmed Combat
   207 | D:1      | Reached XP level 2. HP: 24/27 MP: 1/1
   311 | D:1      | Reached skill level 2 in Unarmed Combat
   431 | D:1      | Reached XP level 3. HP: 21/33 MP: 2/2
   569 | D:1      | Found a faded altar of an unknown god.
   591 | D:1      | Prayed at the altar of an unknown god.
   591 | D:1      | Became a worshipper of Ru the Awakened
   608 | D:1      | Gained mutation: You are hated by all. [Ru sacrifice]
   608 | D:1      | Reached * piety under Ru
   608 | D:1      | Reached ** piety under Ru
   688 | D:1      | Reached skill level 3 in Unarmed Combat
   976 | D:2      | Reached XP level 4. HP: 40/41 MP: 3/3
  1151 | D:2      | Reached skill level 4 in Unarmed Combat
  1555 | D:3      | Found a transporter.
  1628 | D:3      | Noticed a scorpion
  1639 | D:3      | Killed a scorpion
  1640 | D:3      | Reached skill level 5 in Unarmed Combat
  1640 | D:3      | Reached XP level 5. HP: 19/48 MP: 4/4
  1645 | D:3      | HP: 15/48 [worm (3)]
  1698 | D:3      | Found a transporter.
  1876 | D:3      | Found a glowing silver altar of Zin.
  2235 | D:4      | Found a shimmering altar of Xom.
  2268 | D:4      | Found the +7 staff of the Meek {protect, meekguard}
  2345 | D:4      | Noticed Ijyb
  2360 | D:4      | Killed Ijyb
  2422 | D:4      | Reached XP level 6. HP: 38/55 MP: 5/5
  2515 | D:4      | Reached skill level 6 in Unarmed Combat
  2673 | D:4      | Gained mutation: Your casting is slightly disrupted. [Ru
                  | sacrifice]
  3010 | D:5      | Entered Level 5 of the Dungeon
  3020 | D:5      | Found a sand-covered staircase.
  3030 | D:5      | Reached skill level 7 in Unarmed Combat
  3045 | Ossuary  | Entered an ossuary
  3068 | Ossuary  | Reached XP level 7. HP: 60/62 MP: 6/6
  3419 | D:5      | Reached skill level 8 in Unarmed Combat
  3463 | D:5      | Noticed Grinder
  3474 | D:5      | Killed Grinder
  3475 | D:5      | Reached skill level 9 in Unarmed Combat
  3540 | D:5      | Reached XP level 8. HP: 70/70 MP: 7/7
  3708 | D:5      | Found an ornate altar of the Wu Jian Council.
  4062 | D:6      | Reached skill level 10 in Unarmed Combat
  4108 | D:6      | Noticed Dowan
  4110 | D:6      | Noticed Duvessa
  4142 | D:6      | Killed Duvessa
  4152 | D:6      | Killed Dowan
  4374 | D:6      | HP: 23/74 [gnoll/+0 halberd (4)]
  4480 | D:6      | Identified the +6 war axe of Calculation {vorpal, Contam
                  | rF+ rC++ rN+}
  4686 | D:6      | Reached XP level 9. HP: 80/80 MP: 8/8
  4711 | D:6      | Reached skill level 11 in Unarmed Combat
  5055 | D:6      | Found a burning altar of Makhleb.
  5157 | D:7      | Noticed Menkaure
  5162 | D:7      | Killed Menkaure
  5186 | D:7      | Gained mutation: You cannot study or use magical devices.
                  | [Ru sacrifice]
  5186 | D:7      | Reached *** piety under Ru
  5186 | D:7      | Reached **** piety under Ru
  5216 | D:7      | Noticed Prince Ribbit
  5223 | D:7      | Killed Prince Ribbit
  5224 | D:7      | Reached skill level 5 in Throwing
  5378 | D:7      | Noticed a troll
  5390 | D:7      | Killed a troll
  5514 | D:7      | Noticed a two-headed ogre
  5536 | D:7      | Killed a two-headed ogre
  5537 | D:7      | Reached skill level 5 in Fighting
  5746 | D:7      | Noticed Pikel
  5757 | D:7      | Killed Pikel
  5758 | D:7      | Reached XP level 10. HP: 98/98 MP: 9/9
  5920 | D:7      | Found a staircase to the Ecumenical Temple.
  6015 | D:8      | Found a staircase to the Lair.
  6515 | D:8      | Found a transporter.
  6517 | D:8      | Found a transporter.
  6543 | D:8      | Noticed COBRA's ghost (novice HOFi)
  6656 | D:8      | Identified the +3 robe of Claustrophobia {Will+}
  7255 | D:9      | Gained mutation: You cannot study or cast Ice magic. [Ru
                  | sacrifice]
  7255 | D:9      | Gained mutation: You cannot study or cast Hexes magic. [Ru
                  | sacrifice]
  7255 | D:9      | Gained mutation: You cannot study or cast Translocations
                  | magic. [Ru sacrifice]
  7255 | D:9      | Reached ***** piety under Ru
  7476 | D:9      | Noticed a two-headed ogre
  7484 | D:9      | Killed a two-headed ogre
  7519 | D:9      | Found Sacroff's General Store.
  7592 | D:9      | Found a flagged portal.
  7611 | Bailey   | Entered a bailey
  7872 | Bailey   | Noticed an orc high priest
  7877 | Bailey   | Noticed an orc knight
  7880 | Bailey   | Noticed a smoke demon
  7882 | Bailey   | Noticed a rust devil
  7882 | Bailey   | Killed an orc high priest
  7921 | Bailey   | Killed an orc knight
  8109 | Bailey   | Reached XP level 11. HP: 91/111 MP: 10/10
  8159 | Bailey   | Acquired a manual of Fighting
  8380 | Bailey   | Found an iron altar of Okawaru.
  8421 | Bailey   | Reached XP level 12. HP: 130/130 MP: 11/11
  8453 | Bailey   | Identified the +4 glaive "Kolid" {venom, Dex+6}
  8905 | D:10     | Entered Level 10 of the Dungeon
  8917 | D:10     | Noticed a two-headed ogre
  8929 | D:10     | Killed a two-headed ogre
  9123 | D:10     | Found a portal to a secret trove of treasure.
  9665 | D:11     | Reached skill level 1 in Shields
  9715 | D:11     | Gained mutation: You occasionally shout uncontrollably at
                  | your foes. [Ru sacrifice]
 10113 | D:11     | Found Buama's Armour Shop.
 10113 | D:11     | Found a staircase to the Orcish Mines.
 10274 | D:11     | Noticed Erica
 10280 | D:11     | Killed Erica
 10295 | D:11     | Noticed a boulder beetle
 10313 | D:11     | Killed a boulder beetle
 10483 | D:11     | Noticed a two-headed ogre
 10491 | D:11     | Killed a two-headed ogre
 10570 | D:11     | Noticed a two-headed ogre
 10580 | D:11     | Noticed a centaur warrior
 10584 | D:11     | Killed a two-headed ogre
 10595 | D:11     | Killed a centaur warrior
 10599 | D:11     | HP: 43/136 [cyan ugly thing (5)]
 10612 | D:11     | Reached skill level 5 in Shields
 11156 | Lair:1   | Entered Level 1 of the Lair of Beasts
 11234 | Lair:1   | Reached XP level 13. HP: 143/144 MP: 12/12
 11717 | Lair:1   | Gained mutation: You cannot be stealthy. [Ru sacrifice]
 12623 | Lair:2   | Identified the +11 mace of the Onslaught {protect, MP+9}
 13020 | Lair:3   | Found a hole to the Spider Nest.
 13151 | Lair:3   | Reached skill level 12 in Unarmed Combat
 13956 | Lair:4   | Gained mutation: You are clumsy. (Dex -2) [Ru sacrifice]
 13956 | Lair:4   | Reached ****** piety under Ru
 14305 | Lair:4   | Found a staircase to the Swamp.
 15134 | Lair:5   | Reached skill level 13 in Unarmed Combat
 15158 | Lair:5   | Found a staircase to the Slime Pits.
 15514 | Lair:5   | Reached XP level 14. HP: 143/156 MP: 13/13
 15878 | Lair:6   | Entered Level 6 of the Lair of Beasts
 15919 | Lair:5   | HP: 47/156 [death yak (25)]
 16188 | Lair:6   | HP: 46/156 [six-headed hydra (10)]
 16439 | Lair:6   | Reached skill level 14 in Unarmed Combat
 16985 | Lair:6   | HP: 46/156 [black mamba (15)]
 16990 | Lair:6   | HP: 44/148 [cane toad (5)]
 16995 | Lair:6   | HP: 40/151 [poisoned by a cane toad]
 17780 | Lair:5   | HP: 41/156 [seven-headed hydra (14)]
 17915 | Lair:5   | Reached skill level 15 in Unarmed Combat
 18297 | Lair:6   | Identified the amulet of the Omega Point {Regen+ Str+4}
 18754 | Orc:1    | Entered Level 1 of the Orcish Mines
 18850 | Orc:2    | Entered Level 2 of the Orcish Mines
 18879 | Orc:2    | Noticed Saint Roka
 18879 | Orc:2    | Noticed an orc warlord
 18921 | Orc:1    | Killed an orc warlord
 19225 | D:12     | Reached XP level 15. HP: 141/150 MP: 14/14
 19232 | D:12     | Acquired a manual of Dodging
 19446 | D:12     | Noticed Maurice
 19461 | D:12     | Killed Maurice
 19575 | D:12     | Noticed Fannar
 19588 | D:12     | Killed Fannar
 19956 | D:13     | Reached skill level 5 in Dodging
 19995 | D:13     | Found a gate to the Vaults.
 21307 | D:15     | Entered Level 15 of the Dungeon
 21429 | D:15     | Reached skill level 10 in Shields
 21432 | D:15     | Found a staircase to the Depths.
 21755 | D:15     | Found an opulent altar of Gozag.
 22554 | Swamp:1  | Entered Level 1 of the Swamp
 22629 | Swamp:1  | Paralysed by a hornet for 3 turns
 22979 | Swamp:1  | Noticed a fenstrider witch
 22980 | Swamp:1  | Paralysed by a fenstrider witch for 3 turns
 22988 | Swamp:1  | Killed a fenstrider witch
 23151 | Swamp:1  | Noticed a tentacled monstrosity
 23163 | Swamp:1  | HP: 52/163 [tentacled monstrosity (7)]
 23169 | Swamp:1  | Killed a tentacled monstrosity
 23238 | Swamp:1  | Reached XP level 16. HP: 106/169 MP: 15/15
 24098 | Swamp:2  | Reached skill level 10 in Dodging
 25019 | Swamp:3  | Noticed a tentacled monstrosity
 25026 | Swamp:3  | Killed a tentacled monstrosity
 25027 | Swamp:3  | Reached skill level 15 in Throwing
 25609 | Swamp:4  | Entered Level 4 of the Swamp
 25992 | Swamp:4  | HP: 52/168 [lindwurm/blast of flame (32)]
 25995 | Swamp:3  | HP: 22/168 [poisoned by a swamp dragon (blast of poison)]
 26000 | Swamp:3  | HP: 12/168 [poisoned by a swamp dragon (blast of poison)]
 26005 | Swamp:3  | HP: 15/168 [poisoned by a swamp dragon (blast of poison)]
 27550 | Swamp:4  | Noticed a thorn hunter
 27561 | Swamp:4  | Killed a thorn hunter
 27686 | Swamp:3  | HP: 48/169 [something (10)]
 27885 | Swamp:3  | Reached XP level 17. HP: 124/180 MP: 16/16
 28083 | Swamp:4  | Got a decaying rune of Zot
 28329 | Spider:1 | Entered Level 1 of the Spider Nest
 28550 | Spider:1 | Noticed Nikola
 28731 | Lair:3   | HP: 53/180 [entropy weaver (11)]
 28735 | Lair:3   | HP: 17/180 [culicivora (16)]
 28740 | Lair:3   | HP: 22/180 [poisoned by a redback]
 28847 | Lair:2   | Reached skill level 16 in Unarmed Combat
 29243 | Orc:1    | Killed Saint Roka
 30014 | Orc:1    | Reached skill level 1 in Armour
 30389 | Orc:2    | Found Uzxiluw's Antique Armour Boutique.
 30390 | Orc:2    | Found Wufom's Antique Weapon Shop.
 30392 | Orc:2    | Found Ungotij's General Store.
 30392 | Orc:2    | Found Sumisuz's Jewellery Boutique.
 30562 | Orc:2    | Found a staircase to the Elven Halls.
 30567 | Orc:2    | Found Miytehaniba's Antique Armour Emporium.
 30729 | Orc:2    | Bought the ring of Uppoukh {Fly rF+ Str-3 Int+9 SInv} for
                  | 627 gold pieces
 31069 | Lair:3   | Killed Nikola
 31211 | Spider:1 | Noticed Roxanne
 31212 | Spider:1 | You are sucked into a shaft and drop 1 floor!
 31487 | Spider:2 | Noticed Arachne
 31531 | Spider:2 | HP: 37/169 [Arachne/staff of poison (21)]
 31536 | Spider:2 | HP: 46/146 [poisoned by Arachne (poison arrow)]
 31538 | Spider:2 | Killed Arachne
 31541 | Spider:2 | HP: 49/155 [poisoned by Arachne (poison arrow)]
 31621 | Spider:2 | Noticed Aizul
 31654 | Spider:2 | Killed Aizul
 32260 | Spider:1 | Killed Roxanne
 33412 | Spider:3 | Found a frozen archway.
 33440 | IceCv    | Entered an ice cave
 33479 | IceCv    | Found a transporter.
 33488 | IceCv    | Found a transporter.
 33543 | IceCv    | Identified the ring of Hoffozal {Ice rN+}
 33992 | Spider:3 | Noticed Kirke
 34079 | Spider:3 | Killed Kirke
 34664 | Spider:4 | Entered Level 4 of the Spider Nest
 34670 | Spider:3 | Reached skill level 17 in Unarmed Combat
 35033 | Spider:4 | Noticed Agnes
 35164 | Spider:3 | HP: 44/180 [Agnes/+3 spectral lajatang (28)]
 35165 | Spider:3 | Killed Agnes
 35332 | Spider:3 | Reached skill level 5 in Armour
 35615 | Spider:4 | Reached XP level 18. HP: 171/172 MP: 17/17
 37427 | Spider:4 | Paralysed by a hornet for 2 turns
 37591 | Spider:4 | Got a gossamer rune of Zot
 38011 | Vaults:1 | Entered Level 1 of the Vaults
 38723 | Vaults:1 | HP: 43/189 [ironbound frostheart/creeping frost (37)]
 38729 | Vaults:1 | HP: 37/180 [ironbound frostheart/creeping frost (14)]
 38731 | Vaults:1 | HP: 5/180 [ironbound frostheart/creeping frost (35)]
 38736 | Vaults:1 | HP: 20/181 [deep troll[an ironbound preserver] (18)]
 39087 | Vaults:1 | You are sucked into a shaft and drop 1 floor!
 39121 | Vaults:2 | Paralysed by a sphinx for 3 turns
 39127 | Vaults:2 | Reached skill level 18 in Unarmed Combat
 39237 | Vaults:2 | HP: 57/186 [dire elephant (10)]
 39242 | Vaults:2 | HP: 44/187 [deep troll[an ironbound preserver] (18)]
 39247 | Vaults:2 | HP: 51/171 [deep troll[an ironbound preserver] (2)]
 39250 | Vaults:2 | HP: 19/171 [dire elephant (7)]
 39257 | Vaults:2 | HP: 27/172 [white ugly thing[a wizard] (4)]
 39258 | Vaults:2 | Slain by a white ugly thing

Illustrated notes

Levels and vault maps discovered:
D:1:      minmay_arrival_three_doors, layout_basic, basic_ecumenical_altar,
          minmay_heptomino_l4
D:2:      layout_basic, minmay_cupped
D:3:      gammafunk_steamed_eel, layout_loops_ring, kennysheep_flooded_box,
          nicolae_elevator_lobby_asterisk
D:4:      layout_basic, mainiacjoe_overflow_small_starburst, uniq_ijyb
D:5:      layout_basic, nzn_wu_jian_council_hall, enter_ossuary_2,
          hangedman_abyss_or_decor_lesser_grid, uniq_grinder
D:6:      layout_basic, makhleb_grotto_becter, uniq_duvessa
D:7:      layout_basic, minmay_temple_entry_nine_rooms, uniq_menkaure,
          uniq_pikel, uniq_prince_ribbit1
D:8:      layout_basic, dpeg_oklobed_lair, gammafunk_ghost_hive
D:9:      layout_basic, serial_shops, shop, enter_bailey_4,
          minmay_misc_feat_diagonals
D:10:     layout_small_grid, enter_trove_2, st_stairs_3, minmay_misc_feat_tiny
D:11:     minmay_slanted_spiral_squares, layout_irregular_city, orc_david_3,
          uniq_erica
D:12:     layout_roguey, nicolae_two_hexagons, kb_rosetta, uniq_fannar,
          uniq_maurice
D:13:     layout_cave_pods, erik_vaults_2
D:14:     layout_big_octagon, serial_bayou_pond_b
D:15:     gammafunk_depths_entry_grave, layout_basic, grunt_gozag_statues
Lair:1:   layout_cave_shapes, grunt_forest_large_clearings
Lair:2:   layout_cave_pods, st_stairs_5
Lair:3:   layout_regular_city, spider_nest_entry_webs, st_stairs_10,
          hibernation_bobbens
Lair:4:   layout_regular_city, swamp_mist_pool, fungi_pond_lemuel
Lair:5:   layout_hall_layers, minmay_slime_entry_oklob_enclosed,
          grunt_megastairs_4
Lair:6:   grunt_lair_end_beastmaster, layout_cave_pods, serial_rivers,
          chequers_serial_rivers_marsh, chequers_serial_rivers_micro_c,
          chequers_serial_rivers_room_b, chequers_serial_rivers_small_a,
          chequers_serial_rivers_room_a, infiniplex_staircase_pool,
          grunt_megastairs_1, serial_bayou_shore_b
Swamp:1:  layout_falls_marsh, nicolae_swamp_decorative_isthmus, swamp_pool3
Swamp:2:  layout_falls_marsh, serial_swamp_ruin, evilmike_swamp_ruin_house_4,
          hangedman_swamp_ruin_wall, infiniplex_staircase_pool_2
Swamp:3:  layout_basic_swamp, nicolae_swamp_tree_designs, swamp_pool2,
          nicolae_swamp_alligator_family
Swamp:4:  swamp_alternative, layout_basic_swamp, grunt_witch_cave
Spider:1: layout_spider_delve, hive_lemuel, uniq_nikola, uniq_roxanne
Spider:2: layout_cave_pods, uniq_arachne, uniq_aizul
Spider:3: layout_cave_pods, portal_ice_cave_entry_ice_statue_two, uniq_kirke
Spider:4: spider_rune_water, drop_trap, nicolae_spider_not_touching_you,
          uniq_agnes
Orc:1:    layout_diamond_mine, basic_altar
Orc:2:    st_orc_congregation, layout_caves, serial_shops, shop, uniq_saint_roka
Vaults:1: hangedman_vaults_pinch, nicolae_vaults_network_s,
          ontoclasm_vaults_misaligned, ontoclasm_vaults_fault,
          nicolae_vaults_hallways_thing, ontoclasm_vaults_fire_temple,
          hangedman_vaults_impose, vaults_dpeg_encased_lava,
          hangedman_vaults_corner, ontoclasm_vaults_loading_screen,
          hangedman_vaults_stagger, v_rooms_2, v_misc_33,
          nicolae_vaults_shelves_hall, ontoclasm_vaults_twist,
          layout_vaults_maze, serial_shops
Vaults:2: ontoclasm_vaults_ligature, minmay_crypt_entry_simple_plaza,
          grunt_vaults_twisty, ontoclasm_vaults_gallery, ontoclasm_vaults_eye,
          v_alt_pattern_5, v_pattern_5, v_misc_30,
          nicolae_vaults_twisting_passages, v_alt_pattern_1,
          ontoclasm_vaults_ring_small, vaults_dpeg_diagonal,
          layout_vaults_big_room, serial_shops, bzr_entry_lakeside, uniq_xtahua

Skill      XL: |  1  2  3  4  5  6  7  8  9 10 11 12 13 14 15 16 17 18 |
---------------+-------------------------------------------------------+-----
Unarmed Combat | 1 2 3 5 7 9 10 11 13 15 17 18 | 18.1
Fighting       | 2 5 7 11 14 | 14.2
Throwing       | 4 7 9 11 13 14 15 16 | 16.0
Shields        | 5 8 9 10 12 13 14 | 14.3
Dodging        | 3 9 10 | 10.9
Armour         | 5 7 |  7.4

Action                   |  1- 3 |  4- 6 |  7- 9 | 10-12 | 13-15 | 16-18 || total
-------------------------+-------+-------+-------+-------+-------+-------++-------
Melee: Unarmed           |    93 |   144 |   208 |   463 |  1002 |  1339 ||  3249
       Punch             |     1 |     6 |     7 |    20 |       |       ||    34
Throw: Large rock        |     2 |     3 |    14 |     1 |    62 |    37 ||   119
       Throwing net      |       |       |     1 |     1 |       |       ||     2
       Boomerang         |       |       |       |     5 |   188 |   404 ||   597
       Dart              |       |       |       |     6 |       |     7 ||    13
Invok: Sacrifice Love    |     1 |       |       |       |       |       ||     1
       Sacrifice Essence |       |     1 |       |       |       |       ||     1
       Draw Out Power    |       |       |     2 |     3 |     4 |     2 ||    11
       Sacrifice Artific |       |       |     1 |       |       |       ||     1
       Sacrifice Arcana  |       |       |       |     1 |       |       ||     1
       Sacrifice Purity  |       |       |       |     1 |     1 |       ||     2
       Sacrifice Stealth |       |       |       |       |     1 |       ||     1
       Apocalypse        |       |       |       |       |     1 |     8 ||     9
       Power Leap        |       |       |       |       |     1 |     1 ||     2
  Use: Scroll            |       |       |       |    14 |     8 |    14 ||    36
       Potion            |       |       |       |     1 |       |     3 ||     4
 Stab: Sleeping          |       |     1 |       |       |       |       ||     1
       Distracted        |       |       |     1 |     4 |     9 |    10 ||    24
       Held in net/web   |       |       |       |     2 |       |       ||     2
       Invisible         |       |       |       |     4 |     9 |    19 ||    32
       Paralysed         |       |       |       |     2 |    18 |    34 ||    54
       Petrifying        |       |       |       |       |     1 |       ||     1
       Petrified         |       |       |       |       |     8 |       ||     8
Armor: Robe              |    38 |    36 |    45 |   111 |   193 |    39 ||   462
       Steam dragon scal |       |       |       |     5 |       |       ||     5
       Swamp dragon scal |       |       |       |       |       |   276 ||   276
Dodge: Dodged            |    46 |    72 |    59 |   220 |   354 |   680 ||  1431
Block: Kite shield       |       |       |       |    74 |   308 |       ||   382
       Tower shield      |       |       |       |       |   131 |  1204 ||  1335
